Unix NetHack Version 5.0.0-0 post-release - last build May  4 2026 22:22:43 (774f63e81ad911689b3a0859ea89b322d5daca8d,branch:main).

Game began 2026-05-08 13:04:57, ended 2026-05-08 13:34:33.

BSL2425737, lawful female dwarven Valkyrie

                  --------
                  |....<.|           ----
                 #.......|            ...
                 #|.e....|              ..    ####
                  |......|               $  #####-.------
                  |....%.-)               | ##  #|......| #@#
                  ------.-#                ##  ##.......| '
                          ##                ###  |)...d.| #
                           #                # ## ........##
                           #                  #  |......|
                           # ---+-.--         #  --------
                           ##-%......    ######
                             |......|  ###
                             |....*..###
                             |......|
                             --------

BSL2425737 the Skirmisher   St:18 Dx:13 Co:20 In:8 Wi:8 Ch:8  Lawful
Dlvl:4  $:27 HP:0(50) Pw:6(6) AC:6  Xp:4 T:1686 

Latest messages:
 You are splashed by the green mold's acid!
 Your dwarvish spear corrodes!
 You see here a green mold corpse.
 You have a little trouble lifting a green mold corpse.  Continue? [ynq] (q) n
 A trap door in the ceiling opens and a rock falls on your head!
 Really step onto that falling rock trap? [yn] (n) n
 You miss the straw golem.
 The straw golem hits!
 The straw golem hits again!
 You hit the straw golem!
 The straw golem hits!
 The straw golem hits again!
 You hit the straw golem.
 The straw golem hits!
 The straw golem hits again!
 You miss the straw golem.
 The straw golem hits!
 The straw golem hits again!
 The straw golem misses!
 The straw golem hits!
 The straw golem hits!
 The straw golem hits again!
 The straw golem hits!
 The straw golem hits again!
 You are carrying too much to get through.
 The straw golem hits!
 The straw golem hits again!
 The straw golem just misses!
 The straw golem hits!
 The straw golem hits!
 The straw golem just misses!
 What do you want to throw? [$bgp or ?*] *
 In what direction? 7
 The dart hits the straw golem.
 The straw golem hits!
 The straw golem hits again!
 What do you want to throw? [$bgp or ?*] *
 In what direction? 7
 The orcish dagger hits the straw golem.
 The straw golem hits!
 The straw golem hits again!
 The straw golem hits!
 The straw golem hits again!
 The straw golem hits!
 You die...
 Do you want your possessions identified? [ynq] (y) y
 Do you want to see your attributes? [ynq] (y) y
 Do you want an account of creatures vanquished? [ynaq] (y) y
 Do you want to see your conduct and achievements? [ynq] (y) y
 Do you want to see the dungeon overview? [ynq] (y) y

Inventory:
 Coins    ('$')
  $ - 27 gold pieces
 Weapons  (')')
  p - 3 +0 darts
  b - a +0 dagger (alternate weapon; not wielded)
  a - a corroded +1 dwarvish spear (weapon in right hand)
 Armor    ('[')
  m - an uncursed +0 pair of gauntlets of power
  c - an uncursed +3 small shield (being worn)
 Comestibles  ('%')
  j - an uncursed cram ration
  k - 2 uncursed food rations
  n - an uncursed lichen corpse
 Spellbooks  ('+')
  l - an uncursed spellbook of slow monster
 Potions  ('!')
  h - an uncursed potion of healing
  q - an uncursed potion of speed
 Wands    ('/')
  o - a wand of magic missile (0:5)
  f - a wand of striking (0:8)
 Tools    ('(')
  e - an uncursed locked chest containing 2 items
  r - an uncursed mirror

Contents of the chest:
  an uncursed food ration
  an uncursed potion of healing

BSL2425737 the Valkyrie's attributes:

Background:
 You were a Skirmisher, a level 4 dwarven Valkyrie.
 You were lawful, on a mission for Tyr
 who was opposed by Odin (neutral) and Loki (chaotic).
 You were right-handed.
 You were in the Dungeons of Doom, on level 4.
 You entered the dungeon 1686 turns ago.
 You had 90 experience points, 70 more were needed to attain level 5.

Basics:
 You had 0 out of 50 hit points.
 You had all 6 energy points (spell power).
 Your armor class was 6.
 Your wallet contained 27 zorkmids.
 Autopickup was off.

Final Characteristics:
 Your strength was 18 (limit:18/100).
 Your dexterity was 13 (limit:20).
 Your constitution was 20 (limit:20).
 Your intelligence was 8 (limit:16).
 Your wisdom was 8 (limit:16).
 Your charisma was 8 (limit:16).

Final Status:
 You weren't hungry.
 You were unencumbered.
 You were wielding a spear.
 You had basic skill with spear.

Final Attributes:
 You were devoutly aligned.
 You were cold resistant.
 You had infravision.
 You were stealthy.
 You aggravated monsters.
 You are dead.

Miscellaneous:
 You didn't encounter any bones levels.
 Total elapsed playing time was 29 minutes and 35 seconds.

Major events:
 Turn
    1: BSL2425737 the lawful dwarven Valkyrie entered the dungeon
  986: attained the rank of Skirmisher (level 3)
 1686: killed by a straw golem

You didn't know any spells.

Skills:
 Fighting Skills
   bare handed combat [Unskilled]
   two weapon combat  [Unskilled]
   riding             [Unskilled]
 Weapon Skills
   dagger             [Basic]
   axe                [Unskilled]
   pick-axe           [Unskilled]
   short sword        [Unskilled]
   broadsword         [Unskilled]
   long sword         [Unskilled]
   two-handed sword   [Unskilled]
   saber              [Unskilled]
   hammer             [Unskilled]
   quarterstaff       [Unskilled]
   polearms           [Unskilled]
   spear              [Basic]
   trident            [Unskilled]
   lance              [Unskilled]
   sling              [Unskilled]
 Spellcasting Skills
   attack spells      [Unskilled]
   escape spells      [Unskilled]

Voluntary challenges:
 Character rerolling was not enabled.
 You were illiterate.
 You never genocided any monsters.
 You never polymorphed an object.
 You never changed form.
 You used no wishes.
Achievements:
 You attained the rank of Skirmisher.
 You entered a shop.

 The Dungeons of Doom: levels 1 to 4
    Level 1:
       A fountain.
    Level 2:
       A fountain.
    Level 3:
       A potion shop, some fountains.
    Level 4: <- You were here.
       Final resting place for
          you, killed by a straw golem.


Vanquished creatures:
  a little dog
  2 floating eyes
  2 kobold leaders
  a gas spore
  a yellow mold
  2 green molds
  a gecko
  2 jackals
  a fox
  a kobold
  a goblin
  8 grid bugs
  2 lichens
  a kobold zombie
  3 newts
29 creatures vanquished.

No species were genocided or became extinct.

Game over:
                       ----------
                      /          \
                     /    REST    \
                    /      IN      \
                   /     PEACE      \
                  /                  \
                  |    BSL2425737    |
                  |      27 Au       |
                  |   killed by a    |
                  |   straw golem    |
                  |                  |
                  |                  |
                  |       2026       |
                 *|     *  *  *      | *
        _________)/\\_//(\/(/\)/\//\/|_)_______

Farvel BSL2425737 the Valkyrie...

You died in The Dungeons of Doom on dungeon level 4 with 545 points,
and 27 pieces of gold, after 1686 moves.
You were level 4 with a maximum of 50 hit points when you died.

